 Dungeon Crawl Stone Soup version 0.28.0-53-g5a82cb258f (webtiles) character file.

Game seed: 14699808849038699616

226 Peloso the Covered (level 5, -17/47 HPs)
             Began as a Minotaur Fighter on May 27, 2022.
             Killed from afar by Ijyb (28 damage)
             ... with a bolt of acid
             ... on level 3 of the Dungeon.
             The game lasted 00:03:52 (2130 turns).

Peloso the Covered (Minotaur Fighter)               Turns: 2130, Time: 00:03:53

Health: -17/47     AC:  3    Str: 27    XL:     5   Next: 69%
Magic:  4/4        EV:  8    Int:  5    God:
Gold:   56         SH: 10    Dex: 11    Spells: 4/4 levels left

rFire   . . .      SeeInvis .   a - +0 long sword
rCold   . . .      Faith    .   c - +0 buckler
rNeg    . . .      Spirit   .   j - +0 chain mail
rPois   .          Reflect  +   (helmet restricted)
rElec   .          Harm     .   (no cloak)
rCorr   .          Rampage  .   h - +0 pair of gloves
Will    .....                   (no boots)
Stlth   ..........              g - amulet of reflection
HPRegen 0.15/turn               l - +6 ring of strength
MPRegen 0.09/turn               (no ring)

@: corroded, studying Armour
A: horns 2, retaliatory headbutt
a: no special abilities


You were on level 3 of the Dungeon.
You visited 1 branch of the dungeon, and saw 3 of its levels.

You collected 56 gold pieces.

Inventory:

Hand Weapons
 a - a +0 long sword (weapon)
Armour
 b - a +0 scale mail
 c - a +0 buckler (worn)
 h - a +0 pair of gloves (worn)
 j - a +0 chain mail (worn)
Jewellery
 g - an amulet of reflection (around neck)
 l - a +6 ring of strength (left hand)
 o - the ring "Deydyas" {Ice Dex+4 SInv Stlth-}
   (You found it on level 2 of the Dungeon)

   [ring of ice]

   It enhances your ice magic.
   Dex:       It affects your dexterity (+4).
   rF:        It makes you vulnerable to fire.
   rC:        It protects you from cold.
   SInv:      It lets you see invisible.
   Stlth:     It makes you less stealthy.
Wands
 r - a wand of flame (17)
Scrolls
 f - a scroll of brand weapon {unknown}
 k - a scroll of holy word {unknown}
 m - a scroll of summoning {unknown}
 n - a scroll of magic mapping {unknown}
 p - a scroll of amnesia {unknown}
 s - a scroll of immolation {unknown}
Potions
 d - a potion of might
 e - a potion of berserk rage
 i - a potion of flight
 q - a potion of experience {unknown}


   Skills:
 + Level 4.5 Fighting
 + Level 4.5 Long Blades
 + Level 6.0 Armour
 + Level 0.7 Dodging
 + Level 0.7 Stealth
 + Level 4.4 Shields


You had 4 spell levels left.
You didn't know any spells.
Your spell library contained the following spells:

 Spells                   Type           Power      Damage    Failure   Level
 Ignite Poison            Fire/Tmut/Pois 0%         N/A       100%        3
 Mephitic Cloud           Conj/Pois/Air  0%         N/A       100%        3
 Freezing Cloud           Conj/Ice/Air   0%         6-21      100%        5


Dungeon Overview and Level Annotations

Branches:
Dungeon (3/15)

Altars:

Shops:
D:1 [*!(

Annotations:
D:3 Ijyb


Innate Abilities, Weirdness & Mutations

You have a pair of horns on your head.
You reflexively headbutt those who attack you in melee.


Message History

You feel yourself speed up.
A bullfrog comes into view.
A bullfrog is nearby!
A bullfrog is nearby!
The bullfrog gives a loud, deep croak!
You hit the bullfrog. Your headbutt misses the bullfrog.
The bullfrog is moderately wounded.
You block the bullfrog's attack.
The bullfrog hits you but does no damage.
You barely miss the bullfrog. You headbutt the bullfrog!
The bullfrog is severely wounded.
You block the bullfrog's attack. The bullfrog hits you.
You slash the bullfrog!
You kill the bullfrog!
You recover from your berserk rage.
Your Armour skill increases to level 6!
A hobgoblin comes into view.
A hobgoblin is nearby!
A hobgoblin is nearby!
A hobgoblin is nearby!
The hobgoblin shouts!
You closely miss the hobgoblin. Your headbutt misses the hobgoblin.
The hobgoblin hits you but does no damage.
You slash the hobgoblin!
You kill the hobgoblin!
You see here a +0 robe.
You see here a +0 robe.
Found 16 stones.
You see here 16 stones.
s - a scroll labelled QITHRYTT MA VAP Ijyb the Twisted Goblin comes into view.
She is wielding a +0 club and carrying a wand of acid (7).
Ijyb shouts!
Found 5 gold pieces.
Ijyb zaps a wand.
The bolt of acid hits you! The acid corrodes you!
Ijyb zaps a wand.
The bolt of acid hits you!!
* * * LOW HITPOINT WARNING * * *
The acid corrodes you!
Ijyb zaps a wand.
The bolt of acid hits you!!
Ouch! That really hurt!
You die...

###.# #.#.# #.# . #..##
#.# ##. #.### #.# #..
##### #.# #.# ####. #.#
# #.# #..## #.# #. #.#
#.... ### #. #g#
######.##
#.##@#####$.#.##...#.
####...........#.#######
#.......########.# #
#.####..### #.# #....#
#.####### #.##.#
#.#...... #.##.##
#.....###
#.#...#####.#.#.#..
#.....(.........[..


You could see Ijyb.

Vanquished Creatures
  An ogre (D:3)
  A bullfrog (D:3)
  Terence (D:3)
  An adder (D:2)
  A worm (D:3)
  An orc (D:3)
  7 ball pythons
  10 bats
  2 endoplasms
  4 giant cockroaches
  3 goblins
  3 hobgoblins
  2 kobolds
  4 frilled lizards
  2 rats
43 creatures vanquished.

Notes
Turn   | Place    | Note
-------+----------+-------------------------------------------
     0 | D:1      | Peloso the Minotaur Fighter began the quest for the Orb.
     0 | D:1      | Reached XP level 1. HP: 19/19 MP: 0/0
    31 | D:1      | Found Ziebbael's Armour Boutique.
   151 | D:1      | Found Lijonif's Distillery.
   171 | D:1      | Found Pofam's Antique Weapon Shop.
   230 | D:1      | Found a faded altar of an unknown god.
   297 | D:1      | Found Aschutruz's General Store.
   307 | D:1      | Reached XP level 2. HP: 23/27 MP: 1/1
   439 | D:1      | Reached skill level 4 in Armour
   950 | D:2      | Identified the ring "Deydyas" {Ice Dex+4 SInv Stlth-}
  1025 | D:2      | Reached XP level 3. HP: 32/33 MP: 2/2
  1706 | D:3      | Identified the +2 leather armour "Xuam" {rPois Int+4}
  1925 | D:3      | Reached skill level 5 in Armour
  1949 | D:3      | Noticed Terence
  1951 | D:3      | Noticed an ogre
  1954 | D:3      | Killed Terence
  1955 | D:3      | Reached XP level 4. HP: 36/40 MP: 3/3
  1958 | D:3      | Killed an ogre
  1959 | D:3      | Reached XP level 5. HP: 47/47 MP: 4/4
  2005 | D:3      | Reached skill level 6 in Armour
  2126 | D:3      | Noticed Ijyb
  2130 | D:3      | Killed from afar by Ijyb

Illustrated notes

Levels and vault maps discovered:
D:1:      scummos_arrival_star, layout_basic, serial_shops, shop,
          nicolae_shop_trees, nicolae_shop_waterfront, nicolae_shop_trees,
          shapermc_ecumenical_altar_gd, minmay_misc_feat_hallway, minivault_19
D:2:      layout_loops_ring
D:3:      layout_loops_ring, serial_aquarium, aquarium_bridge_square
          [aquarium_subvault_bridge, aquarium_subvault_bridge,
          aquarium_subvault_wall, aquarium_subvault_balcony],
          aquarium_bridge_square [aquarium_subvault_bridge,
          aquarium_subvault_bridge, aquarium_subvault_wall,
          aquarium_subvault_bridge], aquarium_window_fake, aquarium_window_fake,
          aquarium_view_4, aquarium_pool_corner, grunt_ministairs_5,
          serial_park_tiny_pond, minmay_misc_feat_alley, uniq_ijyb, uniq_terence

Skill      XL: |  1  2  3  4  5 |
---------------+----------------+-----
Armour         | 4 5 6 |  6.0
Shields        | 4 |  4.4
Fighting       | 4 |  4.5
Long Blades    | 3 4 |  4.5
Dodging        | |  0.7
Stealth        | |  0.7

Action                   |  1- 3 |  4- 6 || total
-------------------------+-------+-------++-------
Melee: Long sword        |    84 |     8 ||    92
       Headbutt          |     7 |     1 ||     8
  Use: Scroll            |     3 |       ||     3
       Potion            |       |     1 ||     1
Armor: Scale mail        |    11 |       ||    11
       Chain mail        |    35 |     2 ||    37
Dodge: Dodged            |    46 |       ||    46
Block: Buckler           |    56 |     3 ||    59
       Reflection        |     2 |       ||     2
